 Dungeon Crawl Stone Soup version 0.13.0-26-gf7ffa3a (webtiles) character file.

14308 MackTheKnife the Martial Artist (level 12, -3/106 HPs)
             Began as a Naga Transmuter on Oct 30, 2013.
             Was a High Priest of Okawaru.
             Incinerated by ThorGoll's ghost (6 damage)
             ... with a sticky flame
             ... on Level 1 of the Lair of Beasts on Oct 31, 2013.
             The game lasted 00:41:59 (15926 turns).

MackTheKnife the Martial Artist (Naga Transmuter)  Turns: 15926, Time: 00:41:59

HP  -3/106       AC  2     Str 13      XL: 12   Next:  8%
MP  17/18        EV 36     Int 13      God: Okawaru [*****.]
Gold 652         SH  0     Dex 22      Spells:  4 memorised,  5 levels left

Res.Fire  : . . .   See Invis. : +     - Unarmed
Res.Cold  : . . .   Warding    : .   H - melded +2 robe {rF+}
Life Prot.: . . .   Conserve   : .   (shield currently unavailable)
Res.Poison: x       Res.Corr.  : .   (helmet currently unavailable)
Res.Elec. : .       Clarity    : .   x - melded +1 cloak {MR+}
Sust.Abil.: . .     Spirit.Shd : .   N - melded +0 pair of gauntlets
Res.Mut.  : .       Stasis     : .   k - melded +0 naga barding
Res.Rott. : .       Flight     : .   B - cursed amulet of rage
Saprovore : . . .                    (no ring)
                                     (no ring)

@: spider-form (expiring), liquid flames, very slightly contaminated, heroism,
glowing, quick, quite resistant to hostile enchantments, fairly stealthy
A: spit poison, see invisible, (deformed body), (poison resistance), (slowness
0), AC +4
a: Spit Poison, End Transformation, Heroism, Finesse, Renounce Religion, Evoke
Berserk Rage


You were on level 1 of the Lair of Beasts.
You worshipped Okawaru.
Okawaru was extremely pleased with you.
You were very hungry.
You were in spider-form.
You visited 3 branches of the dungeon, and saw 13 of its levels.

You collected 632 gold pieces.


Innate Abilities, Weirdness & Mutations

You cannot wear boots.
You can spit poison.
((Your serpentine skin is tough (AC +4).))*
You have supernaturally acute eyesight.
((Armour fits poorly on your strangely shaped body.))*
((Your system is resistant to poisons.))*
((You cover ground very slowly.))*


   Skills:
 + Level 8.7(13.7) Fighting
 + Level 9.2(14.2) Dodging
 - Level 10.0(15.0) Unarmed Combat
 - Level 2.0 Spellcasting
 - Level 7.7 Transmutations
 - Level 7.5 Poison Magic


You had 5 spell levels left.
You knew the following spells:

 Your Spells              Type           Power        Failure   Level  Hunger
b - Sticks to Snakes      Trmt           ###.......   6%          2    ###....
x - Spider Form           Trmt/Pois      ###.......   12%         3    ####...
z - Beastly Appendage     Trmt           ###...       6%          1    ##.....
Q - Alistair's Intoxicat  Trmt/Pois      ###.....     28%         4    #####..

Inventory:

Hand weapons
 t - the cursed +2,+0 dagger of the Solstice (quivered) {stab, rF+, unknown}
   (You found it on level 8 of the Dungeon)

   It inflicts extra damage upon your enemies.
   It protects you from fire.
   It has a curse placed upon it.
 J - the +6 blowgun of the Assassin {+Inv Stlth++}
   (You found it on level 9 of the Dungeon)

   It lets you turn invisible.
   It makes you much more stealthy.
Missiles
 b - 40 arrows
Armour
 k - a +0 naga barding (melded)
 x - a +1 cloak of magic resistance (melded)
 H - a +2 robe of fire resistance (melded)
 N - a +0 pair of gauntlets (melded)
Magical devices
 c - a wand of disintegration (16)
 A - a wand of fire (4)
 C - a wand of draining (0)
 K - a wand of magic darts (8)
Comestibles
 a - a bread ration
 n - 2 pears
 p - 4 chokos
 v - 5 strawberries
 z - 2 rotting chunks of hippogriff flesh {@*1}
 F - 2 meat rations
Scrolls
 m - 2 scrolls of remove curse
Jewellery
 B - a cursed amulet of rage (around neck)
 D - the ring of the Townfolk {-Tele rF+ AC+3}
   (You found it on level 9 of the Dungeon)

   [ring of protection]

   It affects your AC (+3).
   It protects you from fire.
   It prevents most forms of teleportation.
Potions
 i - 2 potions of restore abilities
 j - 2 potions of resistance {unknown}
 q - 3 potions of brilliance
 u - 3 potions of curing
 w - 3 potions of confusion {unknown}
 E - 2 potions of agility
 G - 2 potions of invisibility {unknown}
Books
 d - a book of Changes

   Spells                             Type                      Level
   *Beastly Appendage                 Transmutation                1
   *Sticks to Snakes                  Transmutation                2
   *Spider Form                       Transmutation/Poison         3
   Ice Form                           Ice/Transmutation            4
   Blade Hands                        Transmutation                5
 e - a book of Alchemy

   Spells                             Type                      Level
   Lethal Infusion                    Charms/Necromancy            2
   Sublimation of Blood               Necromancy                   2
   Condensation Shield                Ice                          4
   *Alistair's Intoxication           Transmutation/Poison         4
   Petrify                            Transmutation/Earth          4
   Ignite Poison                      Fire/Transmutation           5
 f - a book of Debilitation

   Spells                             Type                      Level
   Corona                             Hexes                        1
   Slow                               Hexes                        2
   Inner Flame                        Hexes/Fire                   3
   Enslavement                        Hexes                        4
   Cause Fear                         Hexes                        4
   Leda's Liquefaction                Hexes/Earth                  4
 I - a book of Annihilations {highlevel}

   This book is beyond your current level of understanding.

   Spells                             Type                      Level
   Poison Arrow                       Conjuration/Poison           6
   Orb of Destruction                 Conjuration                  7
   Chain Lightning                    Conjuration/Air              8
   Lehudib's Crystal Spear            Conjuration/Earth            8
   Ice Storm                          Conjuration/Ice              9
   Fire Storm                         Conjuration/Fire             9

▒· ▒▒▒▒▒ ▒▒
▒▒▒▒▒·▒▒···▒▒▒▒·▒▒P
▒··(·!▒f··▒▒▒····▒··
▒··········▒·········
▒·····p···············
▒···▒▒+▒+▒·············
▒ ▒▒▒···········
▒···········▒
▒···s·······P
▒···········▒
+▒··········
▒·········· ▒··········
·········· ··▒▒·▒▒▒··
·▒ ▒▒▒ ·


There were no monsters in sight!


Message History

g - a scroll of blinking You are covered in liquid flames!
One of your 3 scrolls of remove curse catches fire!
Your scroll of enchant weapon II catches fire!
Your scroll of teleportation catches fire!
* * * LOW HITPOINT WARNING * * *
ThorGoll's ghost completely misses you.
Read which item? (? for menu, Esc to quit)
You cannot teleport right now.
Unknown command.
Put on which piece of jewellery? (? for menu, Esc to quit)
You remove the ring of the Townfolk {-Tele rF+ AC+3}.
You are covered in liquid flames!
* * * LOW HITPOINT WARNING * * *
ThorGoll's ghost says, "I love the smell of burning flesh."
ThorGoll's ghost hits you!
* * * LOW HITPOINT WARNING * * *
ThorGoll's ghost freezes you.
* * * LOW HITPOINT WARNING * * *
Read which item? (? for menu, Esc to quit)
Blink to where?
As you read the scroll of blinking, it crumbles to dust.
You are very lightly contaminated with residual magic.
You are covered in liquid flames!
* * * LOW HITPOINT WARNING * * *
You are covered in liquid flames!
* * * LOW HITPOINT WARNING * * *
There is a staircase back to the Dungeon here.
You are covered in liquid flames!
You die...

Action                   |  1- 3 |  4- 6 |  7- 9 | 10-12 || total
-------------------------+-------+-------+-------+-------++-------
Melee: Unarmed           |   103 |   231 |   467 |   563 ||  1364
 Cast: Beastly Appendage |     6 |    11 |     3 |     5 ||    25
       Sticks to Snakes  |     1 |     6 |       |     3 ||    10
       Spider Form       |       |     4 |    22 |    38 ||    64
Invok: Heroism           |       |       |       |     2 ||     2
 Abil: Spit Poison       |     6 |    33 |    22 |    30 ||    91
       End Transformatio |       |       |     1 |     3 ||     4
Evoke: Wand              |       |     3 |    15 |    11 ||    29
  Use: Scroll            |       |     1 |    19 |     2 ||    22
       Potion            |       |       |       |     7 ||     7
 Stab: Sleeping          |       |       |     1 |     3 ||     4

Vault maps used:
D:1:      dpeg_entry_refuge
D:2:      mrwooster_statue_mirror, hangedman_decor_clover_reticule
D:3:      minivault_24, roderic_batcave, uniq_sigmund, uniq_jessica
D:4:      nemelex_deck, tso_altar, first_bread
D:5:      tgw_trog, fedhas_bush_and_centaur_altar
D:6:      temple_statues
D:7:      makhleb_heckhound_becter, uniq_edmund
D:8:      orc_0_dummy
D:9:      grunt_ministairs_3, minmay_evil_grid, uniq_maurice, uniq_psyche
D:10:     serial_shops, shop, minivault_26, uniq_harold
D:11:     lair_0_dummy, stair_cage_open, uniq_nergalle
Temple:   minmay_freezing_vapour_temple_12
Lair:1:   zaba_anthole

Notes
Turn   | Place    | Note
--------------------------------------------------------------
     0 | D:1      | MackTheKnife, the Naga Transmuter, began the quest for the Orb.
     0 | D:1      | Reached XP level 1. HP: 18/18 MP: 1/1
   425 | D:1      | Reached XP level 2. HP: 25/25 MP: 0/3
   434 | D:1      | Learned a level 2 spell: Sticks to Snakes
  1502 | D:2      | Reached XP level 3. HP: 27/31 MP: 4/4
  1667 | D:2      | Reached skill level 3 in Transmutations
  1905 | D:2      | Learned a level 3 spell: Spider Form
  1983 | D:2      | Reached XP level 4. HP: 38/38 MP: 6/6
  2099 | D:2      | Reached skill level 4 in Unarmed Combat
  2308 | D:3      | Paralysed by a giant eyeball for 3 turns
  2448 | D:3      | Noticed Jessica
  2498 | D:3      | Killed Jessica
  2611 | D:3      | Reached XP level 5. HP: 44/44 MP: 5/7
  2693 | D:3      | Reached skill level 4 in Transmutations
  2707 | D:3      | Noticed Sigmund
  2739 | D:3      | Killed Sigmund
  3398 | D:4      | Found a glowing golden altar of the Shining One.
  3446 | D:4      | Reached XP level 6. HP: 51/51 MP: 9/9
  3595 | D:4      | Reached skill level 5 in Unarmed Combat
  3598 | D:4      | Found a sparkling altar of Nemelex Xobeh.
  3650 | D:4      | Reached skill level 5 in Transmutations
  3718 | D:4      | Noticed an ogre
  4423 | D:4      | Reached skill level 1 in Poison Magic
  4441 | D:4      | Reached skill level 2 in Poison Magic
  4441 | D:4      | Reached XP level 7. HP: 17/57 MP: 6/10
  4838 | D:4      | Killed an ogre
  5149 | D:5      | Entered Level 5 of the Dungeon
  5156 | D:5      | Reached skill level 3 in Poison Magic
  5334 | D:5      | Reached skill level 6 in Unarmed Combat
  5562 | D:5      | Reached skill level 6 in Transmutations
  5974 | D:5      | Reached skill level 4 in Poison Magic
  5992 | D:5      | Reached XP level 8. HP: 66/66 MP: 12/12
  6095 | D:5      | Noticed a moth of wrath
  6098 | D:5      | Found a bloodstained altar of Trog.
  6172 | D:5      | Found a blossoming altar of Fedhas.
  6233 | D:5      | Reached skill level 5 in Poison Magic
  7027 | D:6      | Reached skill level 7 in Unarmed Combat
  7027 | D:6      | Reached skill level 7 in Transmutations
  7027 | D:6      | Reached skill level 6 in Poison Magic
  7546 | D:6      | Reached XP level 9. HP: 72/72 MP: 13/13
  7876 | D:6      | Reached skill level 7 in Poison Magic
  7887 | D:6      | Found a staircase to the Ecumenical Temple.
  7908 | Temple   | Entered the Ecumenical Temple
  7914 | Temple   | Became a worshipper of Warmaster Okawaru
  8481 | D:6      | Reached skill level 2 in Dodging
  8481 | D:6      | Reached skill level 8 in Unarmed Combat
  8595 | D:7      | Noticed Edmund
  8643 | D:7      | Killed Edmund
  9094 | D:7      | Found a burning altar of Makhleb.
  9277 | D:7      | Reached skill level 3 in Dodging
  9707 | D:8      | Learned a level 4 spell: Alistair's Intoxication
  9764 | D:8      | Acquired Okawaru's first power
  9826 | D:8      | Got a brightly glowing dagger
 10016 | D:8      | Reached skill level 9 in Unarmed Combat
 10045 | D:8      | HP: 2/72 [ogre/giant club (27)]
 10380 | D:8      | Found a staircase to the Orcish Mines.
 10420 | D:8      | Reached skill level 4 in Dodging
 10451 | D:8      | Reached XP level 10. HP: 41/79 MP: 15/15
 10805 | D:9      | Noticed Maurice
 11108 | D:9      | Noticed Psyche
 11119 | D:9      | Killed Psyche
 11119 | D:9      | Reached skill level 5 in Dodging
 11335 | D:9      | Reached skill level 10 in Unarmed Combat
 12153 | D:9      | Killed Maurice
 12153 | D:9      | Reached skill level 2 in Fighting
 12272 | D:9      | Reached skill level 3 in Fighting
 12272 | D:9      | Reached skill level 6 in Dodging
 12276 | D:9      | Noticed an ogre mage
 12315 | D:9      | Paralysed by an ogre mage for 6 turns
 12334 | D:9      | Killed an ogre mage
 12334 | D:9      | Reached skill level 4 in Fighting
 12381 | D:9      | Got a shimmering pewter ring
 12391 | D:9      | Identified the ring of the Townfolk {-Tele rF+ AC+3} (You found it on level 9 of the Dungeon)
 12395 | D:9      | Noticed a cyclops
 12399 | D:9      | Noticed a skeletal warrior
 12743 | D:10     | Entered Level 10 of the Dungeon
 12743 | D:10     | Noticed a hill giant
 12922 | D:10     | Reached XP level 11. HP: 74/91 MP: 12/16
 12956 | D:10     | Reached skill level 5 in Fighting
 12956 | D:10     | Reached skill level 7 in Dodging
 13173 | D:10     | Noticed Harold
 13202 | D:10     | Killed Harold
 13202 | D:10     | Reached skill level 6 in Fighting
 13402 | D:10     | Found Criacke's Magic Scroll Shop.
 13459 | D:10     | Noticed a hill giant
 13479 | D:10     | Killed a hill giant
 13646 | D:10     | Killed a hill giant
 13935 | D:10     | Noticed a hill giant
 13943 | D:10     | Killed a hill giant
 13943 | D:10     | Reached skill level 8 in Dodging
 14023 | D:10     | Reached skill level 7 in Fighting
 14832 | D:11     | Noticed a seven-headed hydra
 14837 | D:11     | Killed a seven-headed hydra
 14837 | D:11     | Acquired Okawaru's second power
 14837 | D:11     | Reached skill level 8 in Fighting
 15541 | D:11     | Reached skill level 9 in Dodging
 15692 | D:11     | Reached XP level 12. HP: 83/105 MP: 18/18
 15811 | D:11     | Noticed Nergalle
 15813 | D:11     | Found a staircase to the Lair.
 15886 | Lair:1   | Entered Level 1 of the Lair of Beasts
 15892 | Lair:1   | Noticed ThorGoll's ghost (powerful HOFE)
 15923 | Lair:1   | HP: 10/106 [ThorGoll's ghost (5)]
 15925 | Lair:1   | HP: 3/106 [burnt (4)]
 15926 | Lair:1   | Incinerated by ThorGoll's ghost

Vanquished Creatures
  An ogre mage (D:9)
  A hydra (D:11)
  Harold (D:10)
  An unseen horror (D:11)
  3 hill giants (D:10)
  A cyclops (D:11)
  Maurice (D:9)
  Psyche (D:9)
  A komodo dragon (D:11)
  A troll (D:10)
  A two-headed ogre (D:11)
  A basilisk (D:9)
  2 trapdoor spiders
  A griffon skeleton (D:10)
  A wraith (D:11)
  9 yaks
  3 hippogriffs
  A wyvern (D:11)
  A hill giant skeleton (D:9)
  Edmund (D:7)
  8 centaurs
  An orc warrior (D:9)
  2 phantoms
  2 ogres
  5 sky beasts
  Sigmund (D:3)
  A wyvern zombie (D:9)
  A komodo dragon zombie (D:11)
  6 giant frogs
  A komodo dragon skeleton (D:8)
  A wyvern skeleton (D:10)
  An eye of draining (D:11)
  10 wights
  5 killer bees (D:8)
  A centaur zombie (D:10)
  A gnoll shaman (D:4)
  4 jellies
  9 crimson imps
  9 hounds
  4 iguanas
  3 orc priests
  4 orc wizards
  2 scorpions
  A two-headed ogre skeleton (D:10)
  9 worker ants
  A sky beast zombie (D:8)
  A big kobold skeleton (D:11)
  A hound skeleton (D:7)
  A worker ant zombie (D:7)
  17 adders
  2 giant centipedes (D:10)
  9 gnolls
  A giant mite (D:6)
  4 worms
  2 iguana skeletons
  An adder skeleton (D:7)
  A giant eyeball (D:3)
  7 giant geckos
  36 orcs
  3 ball pythons
  A bat skeleton (D:4)
  A bat zombie (D:5)
  2 giant cockroaches
  18 goblins
  16 hobgoblins
  13 kobolds
  5 quokkas
  20 bats
  A giant gecko skeleton (D:4)
  4 giant newts
  2 giant spores (D:9)
  A goblin skeleton (D:4)
  A hobgoblin zombie (D:9)
  14 jackals
  A quokka skeleton (D:6)
  21 rats
  7 ballistomycetes (D:9)
340 creatures vanquished.

Vanquished Creatures (collateral kills)
  Jessica (D:3)
  A bat (D:1)
2 creatures vanquished.

Vanquished Creatures (others)
  A bat (D:9)
1 creature vanquished.

Grand Total: 343 creatures vanquished
